 Dungeon Crawl Stone Soup version 0.31-a0-1-g4198be8af4 (webtiles) character file.

Game seed: 13283560503313170434

6642 Jarnaxa the Cleaver (level 10, -1/79 HPs)
             Began as a Demonspawn Gladiator on May 2, 2023.
             Was a Believer of Qazlal.
             Slain by a fire elemental (6 damage)
             ... summoned by a deep elf pyromancer
             ... on level 10 of the Dungeon.
             The game lasted 00:26:10 (10236 turns).

Jarnaxa the Cleaver (Demonspawn Gladiator)         Turns: 10236, Time: 00:26:10

Health: -1/79      AC: 18    Str: 18    XL:     10   Next: 72%
Magic:  10/10      EV: 13    Int: 10    God:    Qazlal [**....]
Gold:   310        SH:  3    Dex: 15    Spells: 9/9 levels left

rFire   . . .        a - +1 war axe
rCold   . . .        (no shield)
rNeg    . . .        w - +3 ring mail
rPois   .            c - +1 helmet
rElec   .            (no cloak)
rCorr   .            (no gloves)
SInv    .            (boots unavailable)
Will    .....        l - amulet of faith
Stlth   +            q - +4 ring of protection
HPRegen 0.33/turn    (no ring)
MPRegen 0.12/turn

%: faith
@: no status effects
A: hooves 3, icy blue scales 2, foul stench 3, inability to drink after injury 1
a: Renounce Religion, Upheaval


You were on level 10 of the Dungeon.
You worshipped Qazlal.
Qazlal was pleased with you.
You visited 2 branches of the dungeon, and saw 11 of its levels.
You also visited: Sewer.

You collected 552 gold pieces.
You spent 242 gold pieces at shops.

Inventory:

Hand Weapons
 a - a +1 war axe (weapon)
Missiles
 e - a javelin (quivered)
 n - 7 throwing nets
Armour
 c - a +1 helmet (worn)
 w - a +3 ring mail (worn)
Jewellery
 i - an amulet of guardian spirit
 j - an amulet of magic regeneration
 l - an amulet of faith (around neck)
 q - a +4 ring of protection (left hand)
 x - the ring of Maeputhra {rElec rPois rCorr Str-3 Int+6}
   (You found it on level 3 of the Dungeon)

   [ring of intelligence]

   Str:       It affects your strength (-3).
   Int:       It affects your intelligence (+6).
   rElec:     It insulates you from electricity.
   rPois:     It protects you from poison.
   rCorr:     It protects you from acid and corrosion.
 K - a ring of willpower
Wands
 v - a wand of mindburst (4)
 J - a wand of flame (7)
Scrolls
 d - a scroll of fear
 f - 6 scrolls of teleportation
 h - a scroll of fog
 s - 2 scrolls of silence
 y - a scroll of blinking
 B - 2 scrolls of poison
Potions
 g - 2 potions of might
 k - a potion of degeneration {unknown}
 m - 4 potions of haste
 o - 2 potions of ambrosia {unknown}
 p - 2 potions of lignification {unknown}
 u - 2 potions of curing {unknown}
 z - a potion of invisibility {unknown}
 A - 5 potions of flight {unknown}
 C - a potion of resistance {unknown}
 D - a potion of heal wounds
 E - a potion of cancellation {unknown}


   Skills:
 + Level 7.2 Fighting
 + Level 10.5 Axes
 + Level 2.1 Throwing
 + Level 7.0 Armour
 + Level 5.7 Dodging
 + Level 2.5 Stealth
 + Level 0.8 Shields


You had 9 spell levels left.
You didn't know any spells.
Your spell library contained the following spells:

 Spells                   Type           Power      Damage    Failure   Level
 Necrotise                Necr           0%         1d4       52%         1
 Summon Small Mammal      Summ           0%         N/A       52%         1
 Cigotuvi's Dreadful Rot  Necr/Pois/Air  0%         N/A       67%         2
 Ensorcelled Hibernation  Hex/Ice        0%         N/A       67%         2
 Call Canine Familiar     Summ           0%         N/A       88%         3
 Inner Flame              Hex/Fire       0%         N/A       88%         3
 Portal Projectile        Hex/Tloc       0%         N/A       88%         3
 Summon Guardian Golem    Hex/Summ       0%         N/A       88%         3
 Vampiric Draining        Necr           0%         2d6       88%         3
 Dispel Undead            Necr           0%         3d6       99%         4
 Leda's Liquefaction      Hex/Erth       0%         N/A       99%         4
 Agony                    Necr           0%         N/A       100%        5
 Death Channel            Necr           0%         N/A       100%        6
 Orb of Destruction       Conj           0%         9d5       100%        7
 Spellforged Servitor     Conj/Summ      0%         N/A       100%        7


Dungeon Overview and Level Annotations

Branches:
Dungeon (10/15)            Temple (1/1) D:7           Sewer (visited)
   Lair: D:8-11         Orc: D:9-12

Altars:
Ashenzari
Cheibriados
Dithmenos
Fedhas
Gozag
Kikubaaqudgha
Makhleb
Nemelex Xobeh
Okawaru
Qazlal
Ru
Sif Muna
Trog
Uskayaw
Vehumet
Wu Jian
Xom
Yredelemnul

Shops:
D:7 !(=:(   D:8 *


Innate Abilities, Weirdness & Mutations

You have hooves in place of feet.
You are mostly covered in icy blue scales. (AC +3)
You frequently emit foul miasma when damaged in melee.
You occasionally lose the ability to drink potions when taking damage.


Message History

You barely miss the fire elemental. Your kick misses the fire elemental.
The fire elemental is lightly damaged.
The fire elemental hits you. The fire elemental burns you!
You barely miss the fire elemental.
The fire elemental is lightly damaged.
The fire elemental misses you.
You slash the fire elemental!
The fire elemental is heavily damaged.
The fire elemental hits you. The fire elemental burns you!
* * * LOW HITPOINT WARNING * * *
You barely miss the fire elemental. Your kick misses the fire elemental.
The fire elemental is heavily damaged.
The fire elemental misses you. The fire elemental hits you.
The fire elemental burns you!
* * * LOW HITPOINT WARNING * * *
You completely miss the fire elemental. Your kick misses the fire elemental.
The fire elemental is heavily damaged.
The fire elemental hits you. The fire elemental burns you!
* * * LOW HITPOINT WARNING * * *
You hit the fire elemental but do no damage.
You kick the fire elemental.
The fire elemental is heavily damaged.
The fire elemental closely misses you.
You barely miss the fire elemental. You kick the fire elemental!
The fire elemental is almost destroyed.
The fire elemental completely misses you.
You block the fire elemental's attack.
You closely miss the fire elemental. You kick the fire elemental.
You destroy the fire elemental!
The fire elemental disappears in a puff of smoke!
The deep elf pyromancer gestures at you while chanting.
The bolt of fire hits the fire elemental.
The fire elemental completely resists.
The bolt of fire misses you.
You slash the fire elemental! You kick the fire elemental.
The fire elemental is moderately damaged.
You block the fire elemental's attack.
You slash the fire elemental! You kick the fire elemental.
The fire elemental is severely damaged.
The fire elemental hits you. The fire elemental burns you!
You die...

#.# ########## #.#
.........# #.#
########.##### ##.#
#.....#####.#
...###########.#o..........#
...........#.#.#eo○........#
##########.#.#.#°####..(....
.####### #.#.#(#E# .......
........ #.#<#.#@# .......
.###### #.#.#.#.# .......
...####.##.#.#.#.####....e..
............................
.#.##............####...o<..
.#.##............#
>#.##............#
.#.##............#
.#.##............#


You could see a deep elf pyromancer, a fire elemental (summoned), an orc priest
and an orc.

Vanquished Creatures
  A two-headed ogre (D:9)
  A gargoyle (D:10)
  An unseen horror zombie (D:9)
  A troll (D:10)
  A queen bee (D:8)
  2 wyverns
  A vampire (D:9)
  5 yaks (D:8)
  A wraith (D:9)
  A steam dragon (D:8)
  A water moccasin (Sewer)
  2 sky beasts
  A black bear (D:5)
  An orc warrior (D:8)
  2 ogres
  4 centaurs
  2 gnoll sergeants (D:9)
  A scorpion (D:3)
  6 bullfrogs
  7 wights (D:7)
  15 killer bees
  A centaur zombie (D:9)
  3 jellies (D:6)
  3 hounds
  4 orc priests
  A gnoll bouda (D:6)
  Natasha (thrice) (D:2)
  An iguana (D:5)
  8 orc wizards
  18 gnolls
  7 adders
  A shadow imp (D:6)
  A white imp (D:5)
  6 ufetubi
  5 worms
  6 dart slugs
  37 orcs
  7 ball pythons
  8 bats
  14 endoplasms
  5 giant cockroaches
  10 goblins
  9 hobgoblins
  5 jackals
  5 kobolds
  A quokka (D:3)
  3 frilled lizards (D:2)
  10 rats
239 creatures vanquished.

Vanquished Creatures (others)
  A steam dragon (D:7)
  3 fungi (D:3)
  28 plants
32 creatures vanquished.

Grand Total: 271 creatures vanquished

Notes
Turn   | Place    | Note
-------+----------+-------------------------------------------
     0 | D:1      | Jarnaxa the Demonspawn Gladiator began the quest for the
                  | Orb.
     0 | D:1      | Reached XP level 1. HP: 16/16 MP: 1/1
   175 | D:1      | Gained mutation: You may rarely emit foul miasma when
                  | damaged in melee. [demonic ancestry]
   175 | D:1      | Reached XP level 2. HP: 22/22 MP: 2/2
   176 | D:1      | Reached skill level 3 in Axes
   589 | D:1      | Reached XP level 3. HP: 27/27 MP: 3/3
  1522 | D:2      | Noticed Natasha
  1532 | D:2      | Killed Natasha
  1533 | D:2      | Gained mutation: You are partially covered in icy blue
                  | scales. (AC +2) [demonic ancestry]
  1533 | D:2      | Reached XP level 4. HP: 26/34 MP: 2/4
  1691 | D:2      | Noticed Natasha
  1698 | D:2      | Killed Natasha
  1853 | D:2      | Noticed Natasha
  1863 | D:2      | Killed Natasha
  1864 | D:2      | Reached skill level 4 in Axes
  1864 | D:2      | Reached skill level 1 in Armour
  2049 | D:3      | Gained mutation: You sometimes emit foul miasma when
                  | damaged in melee. [demonic ancestry]
  2049 | D:3      | Reached XP level 5. HP: 39/39 MP: 3/5
  2116 | D:3      | Reached skill level 1 in Stealth
  2281 | D:3      | Identified the ring of Maeputhra {rElec rPois rCorr Str-3
                  | Int+6}
  2306 | D:3      | Gained mutation: You have large cloven feet. [demonic
                  | ancestry]
  2306 | D:3      | Reached XP level 6. HP: 46/46 MP: 6/6
  2397 | D:3      | You fall into a shaft and drop 1 floor!
  2508 | D:4      | Found a large runed translucent door.
  2509 | D:4      | Found a large runed translucent door.
  2635 | D:4      | Reached skill level 5 in Axes
  3253 | D:4      | Gained mutation: You have hoof-like feet. [demonic
                  | ancestry]
  3253 | D:4      | Reached XP level 7. HP: 52/52 MP: 7/7
  3631 | D:3      | Found a faded altar of an unknown god.
  4227 | D:5      | Entered Level 5 of the Dungeon
  4997 | D:5      | Reached skill level 6 in Axes
  5104 | D:5      | Got the Omnibus of the Fair Folk
  5372 | D:5      | Found Pohue's Book Shop.
  5519 | D:6      | Gained mutation: You have hooves in place of feet. [demonic
                  | ancestry]
  5519 | D:6      | Reached XP level 8. HP: 60/60 MP: 8/8
  5556 | D:6      | Identified the +4 dagger of Listrovar {protect, rElec SInv}
  5738 | D:6      | Found a glowing drain.
  5753 | Sewer    | Entered a sewer
  5802 | Sewer    | Reached skill level 7 in Axes
  6280 | D:7      | Reached skill level 5 in Fighting
  6282 | D:7      | Found Woisugya's Weapon Boutique.
  6315 | D:7      | Found a staircase to the Ecumenical Temple.
  6328 | Temple   | Entered the Ecumenical Temple
  6524 | Temple   | Became a worshipper of Qazlal Stormbringer
  6679 | D:7      | Gained mutation: You are mostly covered in icy blue scales.
                  | (AC +3) [demonic ancestry]
  6679 | D:7      | Reached XP level 9. HP: 58/68 MP: 7/9
  6689 | D:7      | Reached skill level 8 in Axes
  6746 | D:7      | Found Qerhunel's Book Shop.
  6992 | D:7      | Reached skill level 5 in Armour
  7124 | D:7      | Found Wanoz's Jewellery Shop.
  7148 | D:7      | Found Faby's Distillery.
  7153 | D:7      | Bought a potion of berserk rage for 55 gold pieces
  7153 | D:7      | Bought a potion of heal wounds for 55 gold pieces
  7153 | D:7      | Bought a potion of might for 44 gold pieces
  7153 | D:7      | Bought a potion of mutation for 88 gold pieces
  7153 | D:7      | Gained mutation: You are frail. (-10% HP) [potion of
                  | mutation]
  7153 | D:7      | Gained mutation: You have very sharp teeth. [potion of
                  | mutation]
  7154 | D:7      | Lost mutation: You have very sharp teeth. [potion of
                  | mutation]
  7154 | D:7      | Lost mutation: You are frail. (-10% HP) [potion of
                  | mutation]
  7154 | D:7      | Gained mutation: You have hidden genetic defects. [potion
                  | of mutation]
  7154 | D:7      | Gained mutation: Your spells are a little harder to cast,
                  | but a little more powerful. [potion of mutation]
  7154 | D:7      | Gained mutation: Your natural rate of healing is unusually
                  | fast. [potion of mutation]
  7155 | D:7      | Lost mutation: You have hidden genetic defects. [potion of
                  | mutation]
  7155 | D:7      | Lost mutation: Your natural rate of healing is unusually
                  | fast. [potion of mutation]
  7155 | D:7      | Lost mutation: Your spells are a little harder to cast, but
                  | a little more powerful. [potion of mutation]
  7155 | D:7      | Gained mutation: You occasionally lose the ability to drink
                  | potions when taking damage. [potion of mutation]
  7215 | D:7      | Found Riroul's Weapon Shop.
  7459 | D:8      | Reached skill level 5 in Dodging
  7506 | D:8      | Reached * piety under Qazlal
  7728 | D:8      | Reached skill level 9 in Axes
  7824 | D:8      | Found Qasha's General Store.
  8155 | D:8      | Noticed a queen bee
  8169 | D:8      | Killed a queen bee
  8170 | D:8      | Gained mutation: You frequently emit foul miasma when
                  | damaged in melee. [demonic ancestry]
  8170 | D:8      | Reached XP level 10. HP: 77/77 MP: 10/10
  8582 | D:8      | Found a burning altar of Makhleb.
  8582 | D:8      | Found an ancient bone altar of Kikubaaqudgha.
  8686 | D:9      | Noticed a two-headed ogre
  8687 | D:9      | Found a blossoming altar of Fedhas.
  8696 | D:9      | Killed a two-headed ogre
  8729 | D:9      | Reached ** piety under Qazlal
  8972 | D:9      | Reached skill level 10 in Axes
  9151 | D:9      | HP: 1/77 [vampire (8)]
  9454 | D:9      | Found a bloodstained altar of Trog.
  9644 | D:9      | Found a basalt altar of Yredelemnul.
  9952 | D:10     | Entered Level 10 of the Dungeon
  9953 | D:10     | Noticed a gargoyle
  9960 | D:10     | Killed a gargoyle
 10199 | D:10     | Noticed a deep elf pyromancer
 10231 | D:10     | HP: 3/79 [fire elemental[a deep elf pyromancer] (9)]
 10236 | D:10     | Slain by a fire elemental

Illustrated notes

Levels and vault maps discovered:
D:1:      psy_arrival_basics, layout_basic, minmay_misc_feat_columns
D:2:      layout_basic, uniq_natasha
D:3:      layout_basic, shapermc_ecumenical_altar_mp_urbaneastern
D:4:      minmay_recursive_quarters, layout_basic, jmf_multi_god_temple2
D:5:      layout_gridville, serial_shops, kennysheep_little_box
D:6:      layout_loops_ring, portal_sewer_entry_b
D:7:      layout_basic, minmay_temple_entry_overgrown, serial_shops,
          nicolae_square_shop, shop, nicolae_shop_crystal,
          nicolae_shop_peninsula, shop, lemuel_flame_loot_1
D:8:      layout_basic, gammafunk_temple_overflow_wave, serial_shops,
          shop_fountains, serial_aquarium, aquarium_bridge_straight
          [aquarium_subvault_bridge, aquarium_subvault_balcony,
          aquarium_subvault_bridge, aquarium_subvault_wall],
          aquarium_window_double, aquarium_window_1, aquarium_window_2,
          aquarium_view_2b, aquarium_pool_corner, nicolae_looking_at_the_future
D:9:      layout_cave_pools, lemuel_zombie_altar_yredelemnul,
          mainiacjoe_overflow_tiny_flanked, mainiacjoe_overflow_alcove_4,
          minmay_misc_feat_tower
D:10:     layout_basic, lemuel_crystal_altar, erik_orc_1,
          kennysheep_generic_room_13
Temple:   compressed_dpeg_circular_temple

Skill      XL: |  1  2  3  4  5  6  7  8  9 10 |
---------------+-------------------------------+-----
Throwing       | 2 |  2.1
Axes           | 3 4 5 6 7 9 10 | 10.5
Dodging        | 3 4 5 |  5.7
Armour         | 1 2 3 4 6 7 |  7.0
Stealth        | 1 2 |  2.5
Fighting       | 3 4 5 6 7 |  7.2
Shields        | |  0.8

Action                     |  1- 3 |  4- 6 |  7- 9 | 10-12 || total
---------------------------+-------+-------+-------+-------++-------
  Melee: War axe           |    91 |   176 |   334 |   171 ||   772
         Punch             |     1 |       |     2 |     2 ||     5
         Kick              |       |    23 |   107 |    58 ||   188
  Throw: Throwing net      |     4 |       |       |       ||     4
         Javelin           |     2 |       |       |       ||     2
    Use: Scroll            |       |       |    13 |     5 ||    18
         Potion            |       |       |     6 |       ||     6
   Stab: Sleeping          |     3 |       |       |       ||     3
 Armour: Leather armour    |    27 |     9 |       |       ||    36
         Ring mail         |       |    80 |   225 |   103 ||   408
  Dodge: Dodged            |    77 |   130 |   251 |   159 ||   617
  Block: Other             |       |       |     5 |    17 ||    22

Table legend: (Time is in decaauts)
 A = Elapsed time spent in this place.
 B = Non-inter-level travel time spent in this place.
 C = Inter-level travel time spent in this place.
 D = Time resting spent in this place.
 E = Time spent auto-exploring this place.
 F = Levels seen in this place.
 G = Mean time per level.
                   A        B        C        D        E       F      G
               +--------+--------+--------+--------+--------+-----+--------+
         Total |  10379 |   9911 |    468 |      7 |   7752 |  12 |  864.9 |
       Dungeon |  10042 |   9632 |    410 |      7 |   7551 |  10 | 1004.2 |
        Temple |    230 |    172 |     58 |      0 |    158 |   1 |  230.0 |
         Sewer |    106 |    106 |      0 |      0 |     43 |   1 |  106.0 |
               +--------+--------+--------+--------+--------+-----+--------+

Top non-repeatable levels by time:
     D:8: 1538 daAuts
     D:4: 1391 daAuts
     D:5: 1290 daAuts
     D:2: 1155 daAuts
     D:9: 1055 daAuts
     D:1: 925 daAuts
     D:7: 878 daAuts
     D:3: 848 daAuts
     D:6: 675 daAuts
    D:10: 282 daAuts
  Temple: 230 daAuts
   Sewer: 106 daAuts
